 Dungeon Crawl Stone Soup version 0.29.1-13-g9f3cf754e1 (webtiles) character file.

Game seed: 12049219834927453055

44884 nightchill the Severer (level 13, -2/125 HPs)
             Began as a Minotaur Fighter on Jan 23, 2023.
             Was a Priest of the Shining One.
             Killed by divine providence
             ... invoked by an orc priest
              (10 damage)
             ... on level 2 of the Orcish Mines.
             The game lasted 00:41:24 (21758 turns).

nightchill the Severer (Minotaur Fighter)          Turns: 21758, Time: 00:41:25

Health: -2/125     AC: 16    Str: 32    XL:     13   Next: 98%
Magic:  20/20      EV: 11    Int:  9    God:    the Shining One [***...]
Gold:   1412       SH:  6    Dex:  7    Spells: 12/12 levels left

rFire   + . .      SeeInvis .   a - +5 war axe (vorpal)
rCold   . . .      Faith    .   c - +0 buckler
rNeg    + . .      Spirit   .   A - +2 acid dragon scales
rPois   .          Reflect  .   (helmet restricted)
rElec   .          Harm     .   O - +0 cloak
rCorr   +          Rampage  .   z - +0 pair of gloves
Will    .....                   l - +2 pair of boots
Stlth   +.........              (no amulet)
HPRegen 0.30/turn               H - ring "Lory" {rC+ Str+7 Int+4 Dex-4}
MPRegen 0.17/turn               P - ring of fire

@: glowing, studying Necromancy
A: horns 2, retaliatory headbutt
a: Renounce Religion, Divine Shield, Cleansing Flame


You were on level 2 of the Orcish Mines.
You worshipped the Shining One.
The Shining One was most pleased with you.
You visited 4 branches of the dungeon, and saw 18 of its levels.

You collected 1535 gold pieces.
You spent 123 gold pieces at shops.

Inventory:

Hand Weapons
 a - a +5 vorpal war axe (weapon)
 q - a +0 war axe
 w - a +1 whip of electrocution
 I - a +0 war axe
Missiles
 X - a boomerang of dispersal (quivered)
Armour
 c - a +0 buckler (worn)
 l - a +2 pair of boots (worn)
 p - a +0 tower shield
 z - a +0 pair of gloves (worn)
 A - +2 acid dragon scales (worn)
 O - a +0 cloak (worn)
Magical Staves
 h - a staff of death
 S - a staff of poison
Jewellery
 r - a ring of protection from cold
 y - a +6 ring of dexterity
 H - the ring "Lory" (left hand) {rC+ Str+7 Int+4 Dex-4}
   (You took it off an orc warrior on level 8 of the Dungeon)

   [ring of protection from cold]

   Str:       It affects your strength (+7).
   Int:       It affects your intelligence (+4).
   Dex:       It affects your dexterity (-4).
   rC:        It protects you from cold.
 P - a ring of fire (right hand)
 Q - a ring of protection from cold
 R - a ring of magical power
Wands
 u - a wand of iceblast (3)
 F - a wand of flame (63)
 G - a wand of paralysis (11)
 T - a wand of mindburst (9)
 U - a wand of acid (7)
Scrolls
 b - 3 scrolls of identify
 e - 2 scrolls of enchant armour
 f - 2 scrolls of immolation
 i - 4 scrolls of teleportation
 j - a scroll of magic mapping
 m - a scroll of amnesia {unknown}
 s - a scroll of vulnerability {unknown}
 t - a scroll of acquirement {unknown}
 v - a scroll of silence {unknown}
 B - a scroll of enchant weapon {unknown}
 E - 4 scrolls of noise {unknown}
 L - a scroll of poison
 N - a scroll of blinking
 V - a scroll of torment {unknown}
Potions
 d - a potion of lignification {unknown}
 g - 6 potions of curing
 k - 2 potions of heal wounds
 n - 2 potions of brilliance {unknown}
 o - 3 potions of attraction
 x - 2 potions of resistance {unknown}
 D - 4 potions of flight {unknown}
 J - 2 potions of mutation {unknown}
 K - a potion of berserk rage
 M - a potion of haste {unknown}
Miscellaneous
 W - a box of beasts (inert)


   Skills:
 + Level 14.7 Fighting
 - Level 16.0 Axes
 + Level 9.8 Armour
 + Level 2.5 Dodging
 - Level 12.0 Shields
 + Level 11.7 Invocations


You had 12 spell levels left.
You didn't know any spells.
Your spell library contained the following spells:

 Spells                   Type           Power      Damage    Failure   Level
 Magic Dart               Conj           0%         1d3       50%         1
 Call Imp                 Summ           0%         N/A       63%         2
 Frozen Ramparts          Ice            0%         1d1       86%         3
 Inner Flame              Hex/Fire       0%         N/A       86%         3
 Mephitic Cloud           Conj/Pois/Air  0%         N/A       86%         3
 Summon Guardian Golem    Hex/Summ       0%         N/A       86%         3
 Cause Fear               Hex            0%         N/A       99%         4
 Ice Form                 Ice/Tmut       0%         N/A       99%         4
 Olgreb's Toxic Radiance  Pois           0%         N/A       99%         4
 Summon Ice Beast         Ice/Summ       0%         N/A       99%         4
 Fireball                 Conj/Fire      0%         3d3       100%        5
 Iskenderun's Battlesphe  Conj           0%         2d6       100%        5
 Summon Forest            Summ/Tloc      0%         N/A       100%        5
 Conjure Ball Lightning   Conj/Air       0%         3x3d6     100%        6
 Eringya's Noxious Bog    Tmut/Pois      0%         N/A       100%        6
 Dragon Form              Tmut           0%         N/A       100%        7
 Orb of Destruction       Conj           0%         9d5       100%        7
 Ozocubu's Refrigeration  Ice            0%         4d7       100%        7
 Spellforged Servitor     Conj/Summ      0%         N/A       100%        7
 Summon Hydra             Summ           0%         N/A       100%        7
 Discord                  Hex            0%         N/A       100%        8
 Ignition                 Fire           0%         3d3       100%        8
 Dragon's Call            Summ           0%         N/A       100%        9


Dungeon Overview and Level Annotations

Branches:
Dungeon (11/15)            Temple (1/1) D:4            Lair (4/5) D:8
 Shoals (0/4) Lair:2        Snake (0/4) Lair:3        Slime (0/5) Lair:4
    Orc (2/2) D:11            Elf (0/3) Orc:2

Altars:
Ashenzari
Cheibriados
Dithmenos
Elyvilon
Fedhas
Gozag
Hepliaklqana
Kikubaaqudgha
Makhleb
Nemelex Xobeh
Okawaru
Qazlal
Ru
Sif Muna
Trog
Uskayaw
Vehumet
Wu Jian
Xom
Yredelemnul
Zin
The Shining One

Shops:
D:2 :   D:5 [?([?   D:6 (

Annotations:
D:4 exclusion: 2 downstairs
D:5 1 runed translucent door, exclusion: downstairs, Crazy Yiuf
D:8 exclusion: 2 downstairs
D:10 1 transporter, Sapher's ghost, novice TrEE
Lair:1 exclusion: downstairs


Innate Abilities, Weirdness & Mutations

You have a pair of horns on your head.
You reflexively headbutt those who attack you in melee.


Message History

You kill the orc priest!
The Shining One accepts your kill.
The orc priest no longer looks unusually strong.
The orc priest looks braver for a moment.
The orc warrior throws a boomerang.
The boomerang closely misses you.
The orc priest mumbles some strange prayers to Beogh against you.
Beogh smites you!
* * * LOW HITPOINT WARNING * * *
You feel much better.
The orc priest mumbles some strange prayers to Beogh against you.
Beogh smites you!
* * * LOW HITPOINT WARNING * * *
The orc priest invokes the aid of Beogh against you.
Pain shoots through your body!
* * * LOW HITPOINT WARNING * * *
The orc warrior throws a boomerang.
The boomerang barely misses you.
The orc knight roars a battlecry!
The orcs go into a battle-frenzy!
You slice the orc priest!!
You kill the orc priest!
The Shining One accepts your kill.
You feel better.
The orc priest no longer looks unusually strong.
The orc warrior no longer looks unusually strong. x2
The orc priest no longer looks unusually strong.
The orc priest invokes the aid of Beogh against you.
Beogh smites you!
* * * LOW HITPOINT WARNING * * *
The orc priest casts a cantrip, but nothing happens.
The orc knight roars a battlecry!
The orcs go into a battle-frenzy!
You open the lid... ...and a larval batox beast flies out!
The box is emptied!
The orc priest mumbles some strange prayers to Beogh against you.
Beogh smites you!
* * * LOW HITPOINT WARNING * * *
The orc warrior hits you from afar with a +0 trident.
* * * LOW HITPOINT WARNING * * *
The orc priest invokes the aid of Beogh against you.
Beogh smites you!
You die...

##.............#.........)..#...
####.........###........####...
#........## ###......# ##..
###......# #.........# #..
#.......#####.#...#.## #..
###.#####.######.#### ###
##.####...# #..## ###
#...##...##.....#
##.#####...#....@....#
#...#.##...........###
#.......#....o.H.###
............oo..##.
...........oo.......
..........ooo......#
...........o........#
..............#.......
.....#.........#.#....


You could see an orc knight, 2 orc warriors, 4 orc priests, 2 orcs and a
friendly larval batox beast (summoned).

Vanquished Creatures
  Snorg (D:11)
  7 hydras
  A boulder beetle (Lair:4)
  A catoblepas (Lair:4)
  A two-headed ogre (D:11)
  A death yak (Lair:4)
  An orc high priest (Orc:2)
  Pikel (D:5)
  A lindwurm (Lair:2)
  2 orc knights (Orc:2)
  An ugly thing (D:11)
  A manticore (D:11)
  A torpor snail (Lair:4)
  10 elephants (Lair:3)
  A merfolk siren (Lair:2)
  10 black mambas
  Maggie (D:5)
  5 cane toads
  A rime drake (Lair:4)
  4 komodo dragons
  A hornet (D:8)
  4 trolls
  3 polar bears (Lair:2)
  3 merfolk (Lair:2)
  Prince Ribbit (Lair:3)
  10 blink frogs
  2 shadows
  2 wraiths
  46 yaks
  4 steam dragons
  5 wyverns
  2 basilisks
  3 wargs (Orc:2)
  Edmund (D:5)
  An acid dragon (D:11)
  10 water moccasins
  23 orc warriors
  2 sky beasts
  2 ice beasts
  A swamp drake (D:11)
  A black bear (Lair:1)
  7 wolves
  8 centaurs
  8 ogres
  2 phantoms
  Blork the orc (D:6)
  12 bullfrogs
  A necrophage (D:6)
  A gnoll sergeant (Temple)
  15 wights
  19 killer bees
  7 electric eels
  5 howler monkeys
  8 hounds
  3 gnoll boudas
  3 jellies
  13 orc priests
  2 iguanas
  15 orc wizards
  2 hell rats (Lair:1)
  10 adders
  27 gnolls
  7 river rats (Lair:1)
  A shadow imp (D:5)
  3 white imps
  2 ufetubi
  5 worms
  68 orcs
  5 bats
  11 endoplasms
  2 giant cockroaches (D:1)
  5 hobgoblins
  3 jackals (D:1)
  10 kobolds
  A quokka (D:1)
  4 ball pythons
  3 frilled lizards
  3 goblins
  2 rats
483 creatures vanquished.

Vanquished Creatures (others)
  21 fungi
  35 plants
56 creatures vanquished.

Grand Total: 539 creatures vanquished

Notes
Turn   | Place    | Note
-------+----------+-------------------------------------------
     0 | D:1      | nightchill the Minotaur Fighter began the quest for the
                  | Orb.
     0 | D:1      | Reached XP level 1. HP: 19/19 MP: 0/0
   145 | D:1      | Reached skill level 3 in Axes
   347 | D:1      | Reached XP level 2. HP: 21/27 MP: 1/1
   763 | D:1      | Found a faded altar of an unknown god.
   770 | D:1      | Reached XP level 3. HP: 30/33 MP: 2/2
  1119 | D:2      | Found a basalt altar of Yredelemnul.
  1165 | D:2      | Reached skill level 4 in Axes
  1265 | D:2      | Found Wifogh's Vocational Training.
  1618 | D:2      | Reached XP level 4. HP: 35/41 MP: 3/3
  2145 | D:3      | Reached skill level 5 in Axes
  2349 | D:3      | Found a shadowy altar of Dithmenos.
  2649 | D:4      | Reached skill level 5 in Fighting
  2649 | D:4      | Reached XP level 5. HP: 46/48 MP: 4/4
  2765 | D:4      | Noticed a phantom
  2778 | D:4      | Killed a phantom
  2779 | D:4      | Reached skill level 6 in Axes
  2862 | D:4      | Found a staircase to the Ecumenical Temple.
  2868 | Temple   | Entered the Ecumenical Temple
  2928 | Temple   | Became a worshipper of the Shining One
  2972 | Temple   | Reached XP level 6. HP: 56/56 MP: 5/5
  2995 | D:4      | Reached skill level 1 in Invocations
  3581 | D:5      | Entered Level 5 of the Dungeon
  3884 | D:5      | Noticed Edmund
  3913 | D:4      | Reached skill level 7 in Axes
  4106 | D:5      | Found Wiut Fitoa's Armour Boutique.
  4109 | D:5      | Noticed an ice beast
  4119 | D:5      | Killed an ice beast
  4120 | D:5      | Reached XP level 7. HP: 48/63 MP: 7/7
  4192 | D:5      | Found Utiorr's Magic Scroll Boutique.
  4194 | D:5      | Found Noef's Antique Armour Boutique.
  4328 | D:5      | Found a radiant altar of Vehumet.
  4333 | D:5      | Found Byekou's Weapon Emporium.
  4473 | D:5      | Killed Edmund
  4474 | D:5      | Reached skill level 8 in Axes
  4677 | D:5      | Found Huys's Magic Scroll Boutique.
  4946 | D:5      | Found a runed translucent door.
  4947 | D:5      | Noticed Crazy Yiuf
  5112 | D:6      | Noticed Pikel
  5200 | D:6      | Noticed Maggie
  5210 | D:5      | Killed Maggie
  5211 | D:5      | Reached skill level 9 in Axes
  5211 | D:5      | Reached XP level 8. HP: 27/73 MP: 9/9
  5446 | D:5      | Killed Pikel
  5447 | D:5      | Reached skill level 10 in Axes
  5586 | D:6      | Reached * piety under the Shining One
  5717 | D:6      | Reached XP level 9. HP: 73/81 MP: 11/11
  5739 | D:6      | Reached skill level 5 in Invocations
  5858 | D:6      | Reached skill level 11 in Axes
  6102 | D:6      | Found Kukhlutigh's Antique Weapon Shop.
  6156 | D:6      | Noticed Blork the orc
  6162 | D:6      | Killed Blork the orc
  6523 | D:7      | Found a stormy altar of Qazlal.
  6547 | D:7      | Reached ** piety under the Shining One
  6720 | D:7      | Found a basalt altar of Yredelemnul.
  6765 | D:7      | Found a blossoming altar of Fedhas.
  7044 | D:7      | Reached skill level 12 in Axes
  7466 | D:8      | Identified the ring "Lory" {rC+ Str+7 Int+4 Dex-4}
  7514 | D:8      | Found a sparkling altar of Nemelex Xobeh.
  7542 | D:8      | Reached XP level 10. HP: 87/91 MP: 13/13
  7579 | D:8      | Paralysed by a hornet for 3 turns
  7793 | D:8      | Reached skill level 13 in Axes
  8022 | D:8      | Reached skill level 10 in Fighting
  8102 | D:8      | Found a staircase to the Lair.
  8596 | D:8      | Reached skill level 14 in Axes
  9079 | D:8      | Found a glowing silver altar of Zin.
  9127 | D:8      | Found a bloodstained altar of Trog.
  9670 | D:8      | Reached XP level 11. HP: 70/102 MP: 15/15
  9857 | D:9      | Found a hide-covered altar of Uskayaw.
 10642 | D:9      | Reached skill level 15 in Axes
 10842 | D:9      | Found a broken altar of Ashenzari.
 10976 | D:10     | Entered Level 10 of the Dungeon
 11079 | D:10     | Found a burning altar of Makhleb.
 11230 | D:10     | Found a transporter.
 11230 | D:10     | Noticed a two-headed ogre
 11230 | D:10     | Noticed a two-headed ogre
 11230 | D:10     | Reached *** piety under the Shining One
 11230 | D:10     | Noticed Sapher's ghost (novice TrEE)
 11230 | D:10     | Noticed a two-headed ogre
 11231 | D:10     | Noticed a two-headed ogre
 11739 | D:5      | Bought a scroll of brand weapon for 123 gold pieces
 11841 | Lair:1   | Entered Level 1 of the Lair of Beasts
 11863 | Lair:1   | Noticed a seven-headed hydra
 11892 | Lair:1   | Killed an 11-headed hydra
 12192 | Lair:1   | Reached skill level 16 in Axes
 12828 | Lair:2   | Noticed a lindwurm
 13014 | Lair:2   | Killed a lindwurm
 13015 | Lair:2   | Reached skill level 5 in Shields
 13261 | Lair:2   | Reached XP level 12. HP: 33/113 MP: 4/18
 13830 | Lair:2   | Found a staircase to the Shoals.
 13838 | Lair:2   | Reached skill level 5 in Armour
 13860 | Lair:2   | Noticed a six-headed hydra
 14385 | Lair:2   | Killed a six-headed hydra
 14738 | Lair:3   | Noticed Prince Ribbit
 14763 | Lair:3   | Killed Prince Ribbit
 14855 | Lair:3   | Noticed a four-headed hydra
 14871 | Lair:3   | Killed a four-headed hydra
 14999 | Lair:3   | Reached skill level 10 in Invocations
 15842 | Lair:3   | Found a staircase to the Snake Pit.
 15865 | Lair:3   | Reached XP level 13. HP: 114/122 MP: 19/19
 16268 | Lair:4   | Reached skill level 10 in Shields
 16880 | Lair:4   | Found a staircase to the Slime Pits.
 19062 | D:11     | Identified the +0 chain mail of the Lumpy Lies {Rampage
                  | *Slow +Blink rC+}
 19156 | D:11     | Noticed Snorg
 19163 | D:11     | Killed Snorg
 19247 | D:11     | Found a staircase to the Orcish Mines.
 20287 | Orc:1    | Entered Level 1 of the Orcish Mines
 20405 | Orc:1    | Found a burning altar of Makhleb.
 20583 | Orc:2    | Entered Level 2 of the Orcish Mines
 20732 | Orc:1    | Reached skill level 1 in Dodging
 21632 | Orc:2    | Found a staircase to the Elven Halls.
 21758 | Orc:2    | Killed from afar by an orc priest

Illustrated notes

Levels and vault maps discovered:
D:1:      minmay_arrival_three_doors, layout_basic,
          chequers_ecumenical_altar_simple, chequers_serial_rivers_room_a,
          chequers_serial_rivers_micro_a
D:2:      layout_loops_ring, basic_altar, nicolae_shop_vocational
D:3:      layout_rooms, grunt_dithmenos_smoke_and_mirrors
D:4:      layout_rooms, minmay_temple_entry_hall, nicolae_titane
D:5:      layout_cave_pools, nicolae_vehumet_altar_sigil, serial_shops, shop,
          shop, shop, shop, nicolae_shop_window_shopping,
          hangedman_decor_opposing, minivault_1, minmay_misc_feat_columns,
          hex_large, uniq_edmund, uniq_crazy_yiuf_cottage
D:6:      layout_cave_pools, serial_shops, shop, amethyst_killhole, uniq_maggie,
          uniq_blork_the_orc, uniq_pikel
D:7:      layout_basic, nicolae_qazlal_style_of_elements,
          nicolae_overflow_squiral
D:8:      layout_loops_ring, nemelex_xobeh_ov_fountains_minmay,
          marbit_many_paths, lemuel_round_altar, erik_lair_island,
          grunt_ministairs_2, minmay_checkerbox
D:9:      layout_cave_pods, mainiacjoe_overflow_small_starburst,
          lemuel_round_altar
D:10:     layout_basic, mainiacjoe_overflow_alcove_1, gammafunk_ghost_smash
D:11:     layout_stronghold, erik_orc_1, minmay_orc_keep, uniq_snorg
Temple:   hellmonk_temple_of_storms
Lair:1:   layout_chaotic_city, kennysheep_rathole
Lair:2:   layout_chaotic_city, elwin_shoals_entry_stream,
          cheibrodos_lair_reptile_den, lemuel_fruit_fields
Lair:3:   layout_regular_city, minmay_snake_entry_six_corridors, serial_rivers,
          chequers_serial_rivers_micro_d, chequers_serial_rivers_small_3,
          chequers_serial_rivers_room_a, chequers_serial_rivers_micro_c,
          nicolae_quartered_pool_medium, uniq_prince_ribbit2
Lair:4:   nzn_winding_woodlands_stair_cross [nzn_winding_woodlands_5x15_garden,
          nzn_winding_woodlands_center_triple_pond,
          nzn_winding_woodlands_5x15_pockets,
          nzn_winding_woodlands_5x5_checkerboard,
          nzn_winding_woodlands_5x5_closed_star,
          nzn_winding_woodlands_5x15_crooked,
          nzn_winding_woodlands_center_diamonds,
          nzn_winding_woodlands_5x15_default], layout_concentric_octagons,
          slime_entry_1, beast_lair_carwin_7
Orc:1:    layout_caves, basic_altar
Orc:2:    st_orc_pillars, layout_diamond_mine

Skill      XL: |  1  2  3  4  5  6  7  8  9 10 11 12 13 |
---------------+----------------------------------------+-----
Axes           | 3 4 5 6 7 9 10 12 14 16 | 16.0
Fighting       | 4 5 6 7 8 9 11 12 13 14 | 14.7
Invocations    | 2 3 4 6 7 9 10 11 | 11.7
Shields        | 5 9 12 | 12.0
Armour         | 4 7 9 |  9.8
Dodging        | 2 |  2.5

Action                   |  1- 3 |  4- 6 |  7- 9 | 10-12 | 13-15 || total
-------------------------+-------+-------+-------+-------+-------++-------
Melee: War axe           |    90 |    95 |   172 |   430 |   276 ||  1063
       Headbutt          |    15 |    21 |    38 |   127 |    87 ||   288
       Whip              |       |       |       |    14 |    27 ||    41
Invok: Divine Shield     |       |       |     5 |    10 |    10 ||    25
       Cleansing Flame   |       |       |       |     4 |     2 ||     6
Evoke: Wand              |       |       |     2 |     8 |       ||    10
       Box of beasts     |       |       |       |       |     1 ||     1
  Use: Scroll            |       |     3 |     1 |     1 |     6 ||    11
       Potion            |       |       |     1 |     1 |     4 ||     6
Armor: Scale mail        |    41 |    46 |    19 |       |       ||   106
       Acid dragon scale |       |       |    46 |   161 |    99 ||   306
Dodge: Dodged            |    36 |    42 |    78 |   181 |    98 ||   435
Block: Buckler           |    18 |    27 |    50 |   131 |   105 ||   331
